 Dungeon Crawl Stone Soup version 0.16-a0-791-gf1c67de (webtiles) character file.

1866 PolkaDot the Jinx (level 8, -6/52 HPs)
             Began as a Vampire Enchanter on Sept 28, 2014.
             Mangled by a decayed bog body (13 damage)
             ... in an ossuary.
             The game lasted 00:26:31 (7332 turns).

PolkaDot the Jinx (Vampire Enchanter)               Turns: 7332, Time: 00:26:31

HP  -6/52        AC  4     Str  7      XL: 8   Next: 90%
MP   5/13        EV 13     Int 19      God:
Gold 359         SH  0     Dex 17      Spells:  4 memorised,  3 levels left

rFire  + . .     SeeInvis +     q - +0 dagger (curse)
rCold  + + .     Clarity  .     b - +1 robe (curse)
rNeg   + + +     rCorr    .     (no shield)
rPois  +         rRot     +     E - +0 hat (curse)
rElec  .         Spirit   .     (no cloak)
SustAb .         Warding  +     a - +0 pair of gloves (curse)
rMut   .         Stasis   .     (no boots)
Gourm  .                        v - cursed amulet of Jakh {Ward rN+ Slay+1}
MR     .....                    l - cursed ring of protection from fire
                                f - cursed +3 ring of dexterity

@: bloodless, non-regenerating, not resistant to hostile enchantments, very
stealthy
A: bottle blood, fangs 3, see invisible, unbreathing
a: Bat Form, Bottle Blood


You were in an ossuary.
You were bloodless.

You visited 2 branches of the dungeon, and saw 7 of its levels.
You also visited: Ossuary.

You collected 359 gold pieces.

Inventory:

Hand weapons
 q - a cursed +0 dagger (weapon)
Armour
 a - a cursed +0 pair of gloves (worn)
 b - a cursed +1 robe (worn)
 E - a cursed +0 hat (worn)
Magical devices
 n - a wand of polymorph (23)
 w - a wand of flame (0)
Scrolls
 d - a scroll of fear
 h - 3 scrolls of fog
 k - 3 scrolls of remove curse
 o - a scroll of enchant weapon
 p - 2 scrolls of recharging
 t - a scroll of noise {unknown}
 z - a scroll of amnesia {unknown}
 B - a scroll of blinking {unknown}
 D - a scroll of immolation {unknown}
Jewellery
 f - a cursed +3 ring of dexterity (left hand)
 l - a cursed ring of protection from fire (right hand)
 v - the cursed amulet of Jakh (around neck) {Ward rN+ Slay+1}
   (You found it on level 4 of the Dungeon)

   [amulet of warding]

   It may prevent the melee attacks of summoned creatures.
   It affects your accuracy and damage with ranged weapons and melee attacks
   (+1).
   It protects you from negative energy.
   It has a curse placed upon it.
 C - a cursed amulet of warding {unknown}
Potions
 e - 2 potions of curing
 g - a potion of resistance {unknown}
 i - a potion of agility
 j - a potion of cancellation
 m - 2 potions of flight {unknown}
 r - a potion of cure mutation {unknown}
 s - a potion of heal wounds {unknown}
 u - a potion of mutation {unknown}
 x - a potion of poison {unknown}
 A - a potion of restore abilities {unknown}
 F - a potion of brilliance {unknown}
 G - a potion of might {unknown}
 H - a potion of lignification {unknown}
Books
 c - a book of Maledictions

   Spells                             Type                      Level
   *Corona                            Hexes                        1
   *Sure Blade                        Hexes/Charms                 2
   *Ensorcelled Hibernation           Hexes/Ice                    2
   *Confuse                           Hexes                        3
   Dazzling Spray                     Conjuration/Hexes            3
   Enslavement                        Hexes                        4


   Skills:
 + Level 6.4 Short Blades
 - Level 2.1 Dodging
 + Level 10.0 Stealth
 - Level 2.0 Spellcasting
 * Level 12.0 Hexes


You had 3 spell levels left.
You knew the following spells:

 Your Spells              Type           Power        Failure   Level  Hunger
a - Corona                Hex            #####..      1%          1    #......
b - Sure Blade            Hex/Chrm       ###.......   1%          2    ##.....
c - Confuse               Hex            #####...     1%          3    ####...
d - Ensorcelled Hibernat  Hex/Ice        ###...       1%          2    ##.....


Dungeon Overview and Level Annotations

Branches:
Dungeon (6/15)             Temple (1/1) D:5

Altars:
Cheibriados
Dithmenos
Elyvilon
Fedhas
Kikubaaqudgha
Makhleb
Okawaru
Qazlal
Ru
Sif Muna
Trog
Vehumet
Xom
Yredelemnul

Shops:
D:4 [

Annotations:
D:4 Natasha


Innate Abilities, Weirdness & Mutations

You do not heal naturally.
You can bottle blood from corpses.
You have razor-sharp teeth.
You have supernaturally acute eyesight.
You can survive without breathing.


Message History

The decayed bog body struggles to resist.
The decayed bog body hits you!
* * * LOW HITPOINT WARNING * * *
The decayed bog body misses you.
Casting: Confuse
Confirm with . or Enter, or press ? or * to list all spells.
Aiming: Confuse
Press: ? - help, Shift-Dir - straight line, f/p - decayed bog body
Aim: a decayed bog body The decayed bog body appears confused.
* * * LOW MAGIC WARNING * * *
The decayed bog body closely misses you. x2
The hobgoblin zombie hits you but does no damage.
You hit the decayed bog body.
The decayed bog body is lightly damaged.
The rat zombie bites you but does no damage.
You hit the decayed bog body but do no damage.
The decayed bog body is lightly damaged.
The adder zombie barely misses you. The decayed bog body hits you!
You die...

##### #########
#.#.#.#.#.#.#.#
###'#'#'#'#'#'#'###
#.'...Z...M.....'.#
###.#####.#####M###
#.'.#...#.#...#.%.#
###.'.∩.#Z#...'.###
#.'.#..∩#n#...#M'.#
###.#####@#####.###
≈≈' #.ZZZ.#.'Z'.#
≈≈≈# ###.#####.###
≈P≈≈# #.# #.'
#≈#≈.≈ #.# '.#
#n.≈# #.# #.' #≈#
#≈# #.# ≈≈. ..' ≈≈#
#'#


You could see a decayed bog body (confused), a mummy, an adder zombie, a rat
zombie and 2 hobgoblin zombies.

Vanquished Creatures
  The ghost of PolkaDot the Changer, an experienced DrTm (D:5)
  Menkaure (D:4)
  A sky beast (D:5)
  An ogre (D:4)
  An orc warrior (D:6)
  A centaur (D:5)
  A phantom (D:4)
  3 big kobolds (D:4)
  2 crimson imps
  A bog body (Ossuary)
  3 giant frog zombies
  2 orc wizards (D:5)
  An iguana (D:5)
  3 orc priests
  Natasha (D:4)
  2 worker ants
  A sky beast zombie (Ossuary)
  A hound zombie (Ossuary)
  8 mummies (Ossuary)
  2 gnolls (D:4)
  2 adders
  3 worms
  An orc skeleton (D:5)
  An adder skeleton (D:4)
  2 adder zombies (Ossuary)
  A giant gecko (D:2)
  22 orcs
  A ball python (D:1)
  3 giant cockroaches
  13 hobgoblins
  10 jackals
  44 kobolds
  3 quokkas
  10 bats
  6 giant newts
  A giant newt skeleton (D:4)
  9 goblins
  A goblin skeleton (D:5)
  A kobold zombie (Ossuary)
  An orc zombie (Ossuary)
  A quokka zombie (Ossuary)
  11 rats
  A rat zombie (Ossuary)
  A spectral orc (D:2)
186 creatures vanquished.

Vanquished Creatures (others)
  A plant (Ossuary)
1 creature vanquished.

Grand Total: 187 creatures vanquished

Notes
Turn   | Place    | Note
--------------------------------------------------------------
     0 | D:1      | PolkaDot, the Vampire Enchanter, began the quest for the Orb.
     0 | D:1      | Reached XP level 1. HP: 13/13 MP: 3/3
   251 | D:1      | Reached XP level 2. HP: 19/19 MP: 4/4
   453 | D:1      | Reached skill level 5 in Hexes
   574 | D:1      | Learned a level 2 spell: Ensorcelled Hibernation
   579 | D:1      | Reached skill level 5 in Stealth
   954 | D:2      | Reached XP level 3. HP: 24/24 MP: 6/6
  1291 | D:2      | Found an ancient bone altar of Kikubaaqudgha.
  1291 | D:2      | Found a bloodstained altar of Trog.
  1754 | D:2      | Found a basalt altar of Yredelemnul.
  2122 | D:2      | Learned a level 3 spell: Confuse
  2171 | D:3      | Reached XP level 4. HP: 30/30 MP: 7/7
  2697 | D:3      | Found a blossoming altar of Fedhas.
  2928 | D:4      | Found Brou's Armour Emporium.
  2955 | D:4      | Noticed a phantom
  3005 | D:4      | Killed a phantom
  3005 | D:4      | Reached skill level 6 in Stealth
  3005 | D:4      | Reached XP level 5. HP: 30/35 MP: 2/9
  3521 | D:4      | Got a flickering ivory amulet
  3614 | D:4      | Found a radiant altar of Vehumet.
  3614 | D:4      | Found a burning altar of Makhleb.
  3618 | D:4      | Reached skill level 7 in Hexes
  3810 | D:4      | Noticed Menkaure
  3828 | D:4      | Killed Menkaure
  3828 | D:4      | Reached XP level 6. HP: 30/41 MP: 2/10
  3971 | D:4      | Noticed an ogre
  3973 | D:4      | Killed an ogre
  3973 | D:4      | Reached skill level 8 in Hexes
  3977 | D:4      | Learned a level 2 spell: Sure Blade
  4078 | D:4      | Noticed a big kobold
  4080 | D:4      | Killed a big kobold
  4080 | D:4      | Reached XP level 7. HP: 46/46 MP: 12/12
  4198 | D:4      | Noticed Natasha
  4310 | D:4      | Killed Natasha
  4475 | D:4      | Noticed a big kobold
  4477 | D:4      | Killed a big kobold
  4477 | D:4      | Reached skill level 9 in Hexes
  4487 | D:4      | Noticed a big kobold
  4525 | D:4      | Killed a big kobold
  4926 | D:4      | Noticed Natasha
  5008 | D:5      | Entered Level 5 of the Dungeon
  5013 | D:5      | Found a staircase to the Ecumenical Temple.
  5014 | D:5      | Identified the amulet of Jakh {Ward rN+ Slay+1} (You found it on level 4 of the Dungeon)
  5017 | Temple   | Entered the Ecumenical Temple
  5493 | D:5      | Found a shadowy altar of Dithmenos.
  5495 | D:5      | Found a white marble altar of Elyvilon.
  5496 | D:5      | Found a stormy altar of Qazlal.
  5581 | D:5      | Noticed PolkaDot's ghost (experienced DrTm)
  5589 | D:5      | Killed PolkaDot's ghost
  5589 | D:5      | Reached skill level 5 in Short Blades
  5589 | D:5      | Reached skill level 10 in Hexes
  5589 | D:5      | Reached XP level 8. HP: 36/52 MP: 9/13
  5812 | D:5      | Found a stormy altar of Qazlal.
  5966 | D:5      | Reached skill level 11 in Hexes
  6898 | D:6      | Found a sand-covered staircase.
  6905 | Ossuary  | Entered an ossuary
  7159 | Ossuary  | Reached skill level 10 in Stealth
  7298 | Ossuary  | Reached skill level 12 in Hexes
  7332 | Ossuary  | Mangled by a decayed bog body

Action                   |  1- 3 |  4- 6 |  7- 9 || total
-------------------------+-------+-------+-------++-------
Melee: Dagger            |   124 |   133 |   278 ||   535
       Short sword       |    11 |       |       ||    11
 Cast: Corona            |     2 |       |     2 ||     4
       Ensorcelled Hiber |    18 |    35 |    57 ||   110
       Confuse           |       |     4 |    17 ||    21
Evoke: Wand              |       |       |     2 ||     2
  Use: Scroll            |       |       |    14 ||    14
       Potion            |       |       |     2 ||     2
 Stab: Sleeping          |    14 |    36 |    52 ||   102
       Distracted        |     1 |       |     2 ||     3
       Confused          |       |     4 |    13 ||    17
